 Dungeon Crawl Stone Soup version 0.30-a0-639-g3916f1956a (webtiles) character file.

Game seed: 3885009165959355771

352 wormed the Conjurer (level 6, -4/41 HPs)
             Began as an Octopode Conjurer on Jan 17, 2023.
             Was a Follower of Lugonu.
             Slain by Crazy Yiuf
             ... wielding a +4 quarterstaff of chaos
              (13 damage)
             ... on level 3 of the Dungeon.
             The game lasted 00:03:51 (3433 turns).

wormed the Conjurer (Octopode Conjurer)             Turns: 3433, Time: 00:03:51

Health: -4/41      AC:  1    Str:  6    XL:     6   Next: 62%
Magic:  6/11       EV: 13    Int: 23    God:    Lugonu [*.....]
Gold:   88         SH:  0    Dex: 10    Spells: 9/12 levels left

rFire   + . .      SeeInvis .      - Unarmed
rCold   . . .      Faith    .    (no shield)
rNeg    . . .      Spirit   .    (helmet restricted)
rPois   .          Reflect  .    (no amulet)
rElec   .          Harm     .    f - ring of protection from fire
rCorr   .          Rampage  .    (no ring)
Will    .....                    (no ring)
Stlth   +++                      (no ring)
HPRegen 0.26/turn                (no ring)
MPRegen 0.12/turn                (no ring)
                                 (no ring)
                                 (no ring)

@: no status effects
A: almost no armour, amphibious, 8 rings, camouflage 1, gelatinous body 1,
(nimble swimmer 1), tentacles
a: Renounce Religion, Depart the Abyss


You were on level 3 of the Dungeon.
You worshipped Lugonu.
Lugonu was aware of your devotion.
You visited 1 branch of the dungeon, and saw 3 of its levels.

You collected 88 gold pieces.

Inventory:

Jewellery
 c - a ring of willpower
 f - a ring of protection from fire (left tentacle)
Wands
 i - a wand of light (14)
Scrolls
 e - a scroll of enchant weapon {unknown}
 h - 3 scrolls of amnesia
 j - a scroll of identify {unknown}
Potions
 a - a potion of magic
 b - a potion of might {unknown}
 d - 2 potions of curing
 g - a potion of mutation {unknown}


   Skills:
 + Level 2.9 Fighting
 + Level 3.7 Dodging
 - Level 2.6 Stealth
 + Level 3.0 Unarmed Combat
 + Level 3.5 Spellcasting
 - Level 4.0 Conjurations


You had 9 spell levels left.
You knew the following spells:

 Your Spells              Type           Power      Damage    Failure   Level
a - Magic Dart            Conj           88%        1d7       2%          1
b - Searing Ray           Conj           44%        2d6       3%          2

Your spell library contained the following spells:

 Spells                   Type           Power      Damage    Failure   Level
 Dazzling Flash           Conj/Hex       26%        N/A       14%         3
 Ignite Poison            Fire/Tmut/Pois 4%         N/A       32%         3
 Kindle Blastsparks       Fire/Tloc/Air  8%         2d10      32%         3
 Fulminant Prism          Conj/Hex       6%         3d7       43%         4
 Iskenderun's Mystic Bla  Conj/Tloc      13%        2d5       43%         4
 Sticky Flame             Conj/Fire      13%        2d4       43%         4
 Lee's Rapid Deconstruct  Erth           2%         3d4*      97%         5
 Ignition                 Fire           2%         3d3       100%        8


Dungeon Overview and Level Annotations

Branches:
Dungeon (3/15)

Altars:
Lugonu

Annotations:
D:3 Crazy Yiuf


Innate Abilities, Weirdness & Mutations

You cannot wear most types of armour.
You are amphibious.
You can wear up to eight rings at the same time.
Your skin changes colour to match your surroundings (Stealth+).
Your rubbery body absorbs attacks. (AC +1, EV +1)
((You are camouflaged when in or above water. (Stealth+)))
You have tentacles for arms and can constrict up to eight enemies at once.


Message History

Lugonu accepts your kill.
Crazy Yiuf shouts!
Crazy Yiuf whimpers, "Whiteboard Xom hand!"
Could not explore, unopened runed door.
Could not explore, unopened runed door.
Could not explore, unopened runed door.
You open the door.
Casting: Searing Ray (safe; 3% risk of failure)
Confirm with . or Enter, or press ? or * to list all spells.
Aiming: Searing Ray (safe; 3% risk of failure)
Press: ? - help, Shift-Dir - straight line, f - Crazy Yiuf
Aim: Crazy Yiuf, wielding a +4 quarterstaff of chaos and wearing a +0 cloak (81% to hit)
The searing ray misses Crazy Yiuf. (Press . to maintain the ray.) Crazy Yiuf whimpers, "Rifle wrapper pizzabubble!"
Crazy Yiuf misses you.
The searing ray hits Crazy Yiuf!
Crazy Yiuf is heavily wounded.
Crazy Yiuf hits you with a +4 quarterstaff of chaos!
You are lethally poisoned!
The searing ray hits Crazy Yiuf.
Crazy Yiuf is heavily wounded.
You feel very sick.
Crazy Yiuf grits, "Snoogle!
Adder tired mumblescurry."
Crazy Yiuf hits you with a +4 quarterstaff of chaos.
Crazy Yiuf freezes you.
The searing ray hits Crazy Yiuf.
Crazy Yiuf is almost dead.
You finish channelling your searing ray.
* * * LOW HITPOINT WARNING * * *
You feel very sick. Crazy Yiuf completely misses you.
* * * LOW HITPOINT WARNING * * *
You feel very sick.
Crazy Yiuf hits you with a +4 quarterstaff of chaos.
* * * LOW HITPOINT WARNING * * *
You are more poisoned.
You feel better.
Crazy Yiuf hits you with a +4 quarterstaff of chaos!
You die...

#.##.#.#
#....#.#
#.####.#
#####
#.......
#..)#
#####.######
#...#
#.....# #
... #....##
# #g# ####.#
# ♣♣@♣ #.# #
♣.♣♣ #.# #
♣♣.♣ #.# #
♣.♣♣ #.# #
♣♣.♣♣ #.# #
♣.PP♣♣ #.# #
♣P..P♣ #.# #
#....# #.# #
#....#
####.#######


You could see Crazy Yiuf.

Vanquished Creatures
  Sigmund (D:3)
  Natasha (thrice) (D:3)
  3 adders
  4 gnolls (D:2)
  A worm (D:2)
  A dart slug (D:1)
  An orc (D:3)
  6 endoplasms
  3 giant cockroaches
  6 goblins
  4 hobgoblins
  3 jackals (D:2)
  6 quokkas (D:1)
  2 ball pythons (D:3)
  A bat (D:1)
  3 frilled lizards
  4 kobolds
  4 rats
56 creatures vanquished.

Vanquished Creatures (others)
  2 fungi (D:3)
2 creatures vanquished.

Grand Total: 58 creatures vanquished

Notes
Turn   | Place    | Note
-------+----------+-------------------------------------------
     0 | D:1      | wormed the Octopode Conjurer began the quest for the Orb.
     0 | D:1      | Reached XP level 1. HP: 11/11 MP: 3/3
   157 | D:1      | Reached XP level 2. HP: 15/18 MP: 0/5
   163 | D:1      | Learned a level 2 spell: Searing Ray
   440 | D:1      | Reached skill level 1 in Fighting
   596 | D:1      | Reached skill level 1 in Unarmed Combat
   900 | D:1      | Reached XP level 3. HP: 23/23 MP: 2/6
  1652 | D:2      | Reached XP level 4. HP: 24/28 MP: 0/7
  1961 | D:2      | Found a faded altar of an unknown god.
  1974 | D:2      | Prayed at the altar of an unknown god.
  1974 | D:2      | Became a worshipper of Lugonu the Unformed
  1974 | D:2      | Reached * piety under Lugonu
  2282 | D:3      | Noticed Natasha
  2288 | D:3      | Killed Natasha
  2289 | D:3      | Reached XP level 5. HP: 34/34 MP: 4/9
  2528 | D:3      | Noticed Natasha
  2532 | D:3      | Killed Natasha
  2851 | D:3      | Noticed Natasha
  2861 | D:3      | Killed Natasha
  2933 | D:3      | Found a runed translucent door.
  2934 | D:3      | Noticed Crazy Yiuf
  3011 | D:3      | Noticed Sigmund
  3019 | D:3      | Killed Sigmund
  3020 | D:3      | Reached XP level 6. HP: 34/41 MP: 1/11
  3433 | D:3      | Slain by Crazy Yiuf

Illustrated notes

Levels and vault maps discovered:
D:1:      dpeg_arrival_lava_temple_mockup, layout_rooms, minmay_ruptured
D:2:      layout_rooms, shapermc_ecumenical_altar_notcrosses,
          mrwooster_statue_mirror
D:3:      layout_loops_ring, chequers_serial_rivers_small_3, uniq_sigmund,
          uniq_crazy_yiuf_cottage, uniq_natasha

Skill      XL: |  1  2  3  4  5  6 |
---------------+-------------------+-----
Fighting       | 1 2 |  2.9
Unarmed Combat | 1 2 3 |  3.0
Dodging        | 3 |  3.7
Spellcasting   | 3 |  3.5
Stealth        | |  2.6
Conjurations   | |  4.0

Action                   |  1- 3 |  4- 6 || total
-------------------------+-------+-------++-------
Melee: Unarmed           |    13 |       ||    13
       Constrict         |     3 |       ||     3
       Tentacles         |     3 |       ||     3
 Cast: Magic Dart        |    16 |     3 ||    19
       Searing Ray       |    24 |    25 ||    49
  Use: Scroll            |     1 |     3 ||     4
       Potion            |       |     1 ||     1
Armor: Skin              |       |     2 ||     2
Dodge: Dodged            |    19 |    15 ||    34

Table legend: (Time is in decaauts)
 A = Elapsed time spent in this place.
 B = Non-inter-level travel time spent in this place.
 C = Inter-level travel time spent in this place.
 D = Time resting spent in this place.
 E = Time spent auto-exploring this place.
 F = Levels seen in this place.
 G = Mean time per level.
                   A        B        C        D        E       F      G
               +--------+--------+--------+--------+--------+-----+--------+
         Total |   3432 |   3415 |     17 |      0 |   2962 |   3 | 1144.0 |
       Dungeon |   3432 |   3415 |     17 |      0 |   2962 |   3 | 1144.0 |
               +--------+--------+--------+--------+--------+-----+--------+

Top non-repeatable levels by time:
     D:1: 1269 daAuts
     D:3: 1176 daAuts
     D:2: 985 daAuts
